 Dungeon Crawl Stone Soup version 0.31-a0-221-gbddc013574 (webtiles) character file.

Game seed: 13243819243819222289

21 reriks the Grasshopper (level 2, 0/25 HPs)
             Began as a Ghoul Warper on July 5, 2023.
             Slain by an endoplasm (1 damage)
             ... on level 2 of the Dungeon.
             The game lasted 00:00:58 (991 turns).

reriks the Grasshopper (Ghoul Warper)                Turns: 991, Time: 00:00:58

Health: 0/25       AC:  3    Str: 14    XL:     2   Next: 87%
Magic:  3/3        EV: 11    Int:  8    God:
Gold:   71         SH:  0    Dex:  8    Spells: 4/4 levels left

rFire   . .          .
                       - Unarmed
rCold   + . .        (no shield)
rNeg    + + +        a - +0 leather armour
rPois   ∞            (no helmet)
rElec   .            (no cloak)
rCorr   .            (no gloves)
SInv    .            (no boots)
Will    .....        (no amulet)
Stlth   +            (no ring)
HPRegen 0.00/turn    (no ring)
MPRegen 0.08/turn

%: no passive effects
@: inhibited regen
A: claws 1, cold resistance 1, negative energy resistance 3, inhibited
regeneration, torment resistance 2, devour on kill
a: no special abilities


You were on level 2 of the Dungeon.
You visited 1 branch of the dungeon, and saw 2 of its levels.

You collected 71 gold pieces.

Inventory:

Missiles
 c - 7 boomerangs of dispersal (quivered)
Armour
 a - a +0 leather armour (worn)
Scrolls
 b - a scroll of blinking
 d - a scroll of enchant weapon {unknown}
Potions
 e - a potion of lignification {unknown}
 f - a potion of might {unknown}
 g - 2 potions of cancellation {unknown}
 h - a potion of brilliance {unknown}
 i - a potion of magic {unknown}


   Skills:
 + Level 2.4 Fighting
 + Level 1.2 Throwing
 + Level 1.1 Armour
 + Level 2.0 Dodging
 + Level 2.4 Unarmed Combat
 + Level 1.9 Spellcasting
 + Level 2.8 Translocations


You had 4 spell levels left.
You didn't know any spells.
Your spell library contained the following spells:

 Spells                   Type           Power      Damage    Failure   Level
 Blink                    Tloc           10%        N/A       22%         2
 Lesser Beckoning         Tloc           10%        N/A       22%         2
 Teleport Other           Tloc           5%         N/A       38%         3
 Vhi's Electric Charge    Tloc/Air       6%         N/A       58%         3
 Manifold Assault         Tloc           5%         N/A       80%         4


Dungeon Overview and Level Annotations

Branches:
Dungeon (2/15)

Altars:


Innate Abilities, Weirdness & Mutations

You are immune to poison.
You have sharp fingernails.
Your flesh is cold resistant. (rC+)
You are immune to negative energy. (rN+++)
You do not regenerate when monsters are visible.
You are immune to unholy pain and torment.
You thrive by killing the living.


Message History

You scratch the worm.
The worm is heavily wounded.
The endoplasm hits you but does no damage.
You barely miss the worm.
The worm is heavily wounded.
The endoplasm closely misses you. The worm bites you!
You barely miss the worm. You claw the worm.
The worm is severely wounded.
The endoplasm hits you.
You are too injured to fight recklessly!
You are too injured to fight recklessly!
You are too injured to fight recklessly!
You are too injured to fight recklessly!
You are too injured to fight recklessly!
You scratch the worm.
The worm is almost dead.
The worm bites you!
* * * LOW HITPOINT WARNING * * *
The endoplasm closely misses you.
You scratch the worm.
You kill the worm!
The endoplasm freezes you.
You are frozen.
You resist.
* * * LOW HITPOINT WARNING * * *
You see here a worm corpse.
You barely miss the endoplasm. The endoplasm closely misses you.
You scratch the endoplasm.
The endoplasm is heavily wounded.
The endoplasm hits you.
* * * LOW HITPOINT WARNING * * *
You completely miss the endoplasm. You claw the endoplasm.
The endoplasm is almost dead.
The endoplasm completely misses you.
You scratch the endoplasm but do no damage.
The endoplasm is almost dead.
The endoplasm hits you but does no damage.
You scratch the endoplasm but do no damage.
The endoplasm is almost dead.
The endoplasm hits you.
You die...

#.# #.....# #.
#..).#####
#.###.....#
#+#####.#
#...'.....# ....
... ###.#.....#
..... ##.#
#.###...####+#...
.# #.#
#...##...... . #.#
#...##....# .#
#†###...##....#
#.....####.@..##.#
#..........J.....#
##...###.........#
#...# #...........
#...# #........###
#...# #........#
##### #........+
#........#
##....[...


You could see an endoplasm.

Vanquished Creatures
  2 worms (D:2)
  2 endoplasms (D:1)
  2 hobgoblins (D:1)
  A quokka (D:1)
  3 bats
  3 kobolds
  2 rats (D:2)
15 creatures vanquished.

Notes
Turn   | Place    | Note
-------+----------+-------------------------------------------
     0 | D:1      | reriks the Ghoul Warper began the quest for the Orb.
     0 | D:1      | Reached XP level 1. HP: 17/17 MP: 2/2
   267 | D:1      | Reached skill level 1 in Throwing
   421 | D:1      | Reached skill level 1 in Armour
   526 | D:1      | Found a faded altar of an unknown god.
   531 | D:1      | Reached XP level 2. HP: 25/25 MP: 3/3
   988 | D:2      | HP: 1/25 [endoplasm (2)]
   991 | D:2      | Slain by an endoplasm

Illustrated notes

Levels and vault maps discovered:
D:1:      roderic_octagonal_star, layout_loops_ring,
          hellmonk_ecumenical_altar_prayer_group, dk_noncrumbling_3
D:2:      layout_basic, serial_shops, nicolae_shop_tiny_real_fake_doors

Skill      XL: |  1  2 |
---------------+-------+-----
Throwing       | 1 |  1.2
Armour         | 1 |  1.1
Dodging        | 2 |  2.0
Fighting       | |  2.4
Unarmed Combat | |  2.4
Spellcasting   | |  1.9
Translocations | |  2.8

Action                     || total
---------------------------++-------
  Melee: Unarmed           ||    87
         Punch             ||     4
 Armour: Leather armour    ||    17
  Dodge: Dodged            ||    50

Table legend: (Time is in decaauts)
 A = Elapsed time spent in this place.
 B = Non-inter-level travel time spent in this place.
 C = Inter-level travel time spent in this place.
 D = Time resting spent in this place.
 E = Time spent auto-exploring this place.
 F = Levels seen in this place.
 G = Mean time per level.
                   A        B        C        D        E       F      G
               +--------+--------+--------+--------+--------+-----+--------+
         Total |    986 |    956 |     30 |     60 |    752 |   2 |  493.0 |
       Dungeon |    986 |    956 |     30 |     60 |    752 |   2 |  493.0 |
               +--------+--------+--------+--------+--------+-----+--------+

Top non-repeatable levels by time:
     D:1: 767 daAuts
     D:2: 218 daAuts
